 Dungeon Crawl Stone Soup version 0.30.1-1-g62c8e00024 (webtiles) character file.

Game seed: 15419132558751849763

79 Eitelfritz the Slasher (level 4, 0/38 HPs)
             Began as a Minotaur Gladiator on July 16, 2023.
             Succumbed to a kobold brigand's poison
             ... in a sewer.
             The game lasted 00:04:39 (1867 turns).

Eitelfritz the Slasher (Minotaur Gladiator)         Turns: 1867, Time: 00:04:40

Health: 0/38       AC:  8    Str: 18    XL:     4   Next: 17%
Magic:  3/3        EV: 12    Int:  7    God:
Gold:   114        SH:  0    Dex: 12    Spells: 3/3 levels left

rFire   . . .        a - +0 long sword
rCold   . . .        (no shield)
rNeg    . . .        j - +0 leather armour
rPois   .            c - +1 hat
rElec   .            (no cloak)
rCorr   .            (no gloves)
SInv    .            (no boots)
Will    .....        (no amulet)
Stlth   +            f - +4 ring of slaying
HPRegen 0.26/turn    w - +4 ring of protection
MPRegen 0.08/turn

%: no passive effects
@: lethally poisoned (0 -> -4), hasted, slow
A: horns 2, retaliatory headbutt
a: no special abilities


You were in a sewer.
You visited 1 branch of the dungeon, and saw 3 of its levels.
You also visited: Sewer.

You collected 114 gold pieces.

Inventory:

Hand Weapons
 a - a +0 long sword (weapon)
 b - a +0 sling
Missiles
 d - 3 throwing nets (quivered)
 e - a javelin
 i - 3 boomerangs
 q - 6 silver javelins
Armour
 c - a +1 hat (worn)
 j - a +0 leather armour (worn)
Jewellery
 f - a +4 ring of slaying (left hand)
 o - an amulet of magic regeneration
 w - a +4 ring of protection (right hand)
 y - a ring of protection from fire
Scrolls
 h - 3 scrolls of identify
 n - a scroll of teleportation
 z - a scroll of enchant weapon {unknown}
Potions
 m - 2 potions of resistance
 t - a potion of flight {unknown}
 u - a potion of lignification {unknown}
 v - a potion of cancellation {unknown}


   Skills:
 + Level 3.0 Fighting
 + Level 5.0 Long Blades
 + Level 2.1 Throwing
 + Level 1.8 Armour
 + Level 3.5 Dodging


You had 3 spell levels left.
You didn't know any spells.
Your spell library was empty.

Dungeon Overview and Level Annotations

Branches:
Dungeon (3/15)              Sewer (1/1)

Altars:

Shops:
D:1 [


Innate Abilities, Weirdness & Mutations

You have a pair of horns on your head.
You reflexively headbutt those who attack you in melee.


Message History

You are more poisoned.
You enter the shallow water.
Moving in this stuff is going to be slow.
You feel very sick.
You can't go up here!
You can't go up here!
You feel very sick.
You enter the shallow water.
Moving in this stuff is going to be slow.
A rat comes into view.
You feel sick.
The kobold brigand hits you but does no damage.
You see here an adder corpse.
The kobold brigand attacks as you move away!
The kobold brigand hits you with a +0 club.
You feel sick.
The kobold brigand throws a poisoned dart.
The poisoned dart hits you!
You are more poisoned.
You enter the shallow water.
Moving in this stuff is going to be slow.
You feel very sick.
The kobold brigand hits you with a +0 club.
You see here an adder corpse.
You hit the kobold brigand. Your punch misses the kobold brigand.
The kobold brigand is lightly wounded.
* * * LOW HITPOINT WARNING * * *
You feel very sick. The kobold brigand misses you.
You hit the kobold brigand.
Your headbutt misses the kobold brigand.
The kobold brigand is moderately wounded.
You feel sick. The kobold brigand barely misses you.
Your unstable footing causes you to fumble your attack.
You feel sick.
The kobold brigand splashes around in the water.
The kobold brigand hits you with a +0 club.
* * * LOW HITPOINT WARNING * * *
It was a potion of haste.
You feel yourself speed up.
You die...

~J .. ~# ~# ~#
##~## . ##~.~##
.~..####~∩..~####
~.~~rwK@..∩.~≈≈≈≈
.~.~####..~~~####
. ##~~.## ##≈##
≈# ≈≈ ≈## ≈# ~.


You could see a kobold brigand, a worm and a rat.

Vanquished Creatures
  2 adders
  A worm (D:2)
  4 orcs (D:3)
  2 ball pythons
  5 endoplasms
  7 goblins
  6 hobgoblins
  6 kobolds
  3 quokkas (D:3)
  4 bats
  7 frilled lizards
  5 rats
52 creatures vanquished.

Notes
Turn   | Place    | Note
-------+----------+-------------------------------------------
     0 | D:1      | Eitelfritz the Minotaur Gladiator began the quest for the
                  | Orb.
     0 | D:1      | Reached XP level 1. HP: 18/18 MP: 0/0
   190 | D:1      | Reached skill level 4 in Long Blades
   272 | D:1      | Reached XP level 2. HP: 24/25 MP: 1/1
   424 | D:1      | Found Sucrea's Armour Boutique.
   804 | D:2      | Reached skill level 1 in Armour
   999 | D:2      | Reached XP level 3. HP: 30/30 MP: 2/2
  1644 | D:3      | Reached XP level 4. HP: 36/38 MP: 3/3
  1845 | D:3      | Found a glowing drain.
  1850 | Sewer    | Entered a sewer
  1852 | Sewer    | Noticed a kobold brigand
  1856 | Sewer    | Reached skill level 5 in Long Blades
  1866 | Sewer    | HP: 1/38 [kobold brigand/+0 club (6)]
  1867 | Sewer    | Succumbed to a kobold brigand's poison

Illustrated notes

Levels and vault maps discovered:
D:1:      dpeg_arrival_simpleton_c, layout_basic, serial_shops,
          nicolae_diamond_shop
D:2:      layout_loops_ring
D:3:      layout_loops_ring, portal_sewer_entry_e
Sewer:    sewer_co_15_rooms

Skill      XL: |  1  2  3  4 |
---------------+-------------+-----
Long Blades    | 4 5 |  5.0
Armour         | 1 |  1.8
Fighting       | 3 |  3.0
Throwing       | |  2.1
Dodging        | |  3.5

Action                     |  1- 3 |  4- 6 || total
---------------------------+-------+-------++-------
  Melee: Long sword        |    78 |     7 ||    85
         Headbutt          |    12 |       ||    12
    Use: Scroll            |       |     8 ||     8
         Potion            |       |     1 ||     1
 Armour: Leather armour    |    24 |     3 ||    27
  Dodge: Dodged            |    44 |     5 ||    49
